 Dungeon Crawl Stone Soup version 0.19-a0-944-gb338e1e (webtiles) character file.

75 Kold the Slasher (level 4, -1/36 HPs)
             Began as a Demonspawn Berserker on July 10, 2016.
             Was a Believer of Trog.
             Slain by a goblin
             ... wielding a cursed -3 dagger
             ... led by Robin
              (2 damage)
             ... on level 3 of the Dungeon.
             The game lasted 00:04:14 (1828 turns).

Kold the Slasher (Demonspawn Berserker)             Turns: 1828, Time: 00:04:16

Health: -1/36      AC:  5    Str: 17    XL:     4   Next: 11%
Magic:  4/4        EV: 11    Int:  8    God:    Trog [**....]
Gold:   83         SH:  3    Dex: 14    Spells: 0 memorised, 3 levels left

rFire  . . .     SeeInvis .     a - +0 falchion
rCold  . . .     Gourm    .     b - +0 animal skin
rNeg   . . .     Faith    .     t - +0 buckler
rPois  .         Spirit   .     (no helmet)
rElec  .         Dismiss  .     l - +0 cloak (curse)
rCorr  .         Reflect  .     v - +0 pair of gloves
SustAt +         Harm     .     (no boots)
MR     .....                    z - amulet of magic regeneration
Stlth  +.........               (no ring)
                                y - ring of sustain attributes

@: not resistant to hostile enchantments, very unstealthy
A: rugged brown scales 1, powered by pain 1
a: Berserk, Trog's Hand, Burn Spellbooks, Renounce Religion


You were on level 3 of the Dungeon.
You worshipped Trog.
Trog was pleased with you.
You were not hungry.

You visited 1 branch of the dungeon, and saw 3 of its levels.

You collected 83 gold pieces.

Inventory:

Hand Weapons
 a - a +0 falchion (weapon)
Armour
 b - a +0 animal skin (worn)
 l - a cursed +0 cloak (worn)
 t - a +0 buckler (worn)
 v - a +0 pair of gloves (worn)
Jewellery
 y - a ring of sustain attributes (left hand)
 z - an amulet of magic regeneration (around neck)
Scrolls
 d - 3 scrolls of teleportation {unknown}
 e - a scroll of fear {unknown}
 i - 2 scrolls of immolation {unknown}
 j - a scroll of amnesia {unknown}
 n - a scroll of remove curse {unknown}
 r - a scroll of magic mapping {unknown}
 s - 2 scrolls of identify {unknown}
Potions
 h - a potion of magic {unknown}
 m - a potion of cure mutation {unknown}
 o - 3 potions of curing
 p - a potion of cancellation {unknown}
 u - a potion of agility {unknown}
 x - a potion of brilliance {unknown}
Comestibles
 c - a bread ration
 f - a royal jelly
 k - 2 beef jerkies
 q - a meat ration
 w - a slice of pizza


   Skills:
 - Level 3.0 Fighting
 + Level 4.5 Long Blades
 - Level 1.7 Armour
 - Level 1.7 Dodging


You had 3 spell levels left.
You didn't know any spells.

Dungeon Overview and Level Annotations

Branches:
Dungeon (3/15)

Altars:
Cheibriados

Annotations:
D:3 Robin


Innate Abilities, Weirdness & Mutations

You are partially covered in rugged brown scales. (AC +1, +3% HP)
You sometimes gain a little power by taking damage.


Message History

an uncursed dagger; an uncursed hunting sling; 16 stones; a dagger a goblin corpse You hit Robin.
Robin is moderately wounded.
Robin barely misses you.
You riposte.
You slash Robin!
Robin is severely wounded.
The goblin hits you but does no damage.
You barely miss Robin.
Robin is severely wounded.
The goblin no longer looks unusually strong.
Robin hits you with a trident.
* * * LOW HITPOINT WARNING * * *
The goblin completely misses you.
You hit Robin but do no damage.
Robin is severely wounded.
The hobgoblin no longer looks unusually strong.
Robin closely misses you. Robin hits you with a trident.
* * * LOW HITPOINT WARNING * * *
The goblin hits you with a dagger.
You die...

### ... #.# #.#
#>#
####.######.###
#.#
....ggg@g)..(.#
#.#
##...######(#.#
#.# #. #.#.#
#.# #.#.# #.#
#.# #.#.# #.###
#.# #.#
#.#.#####...#
##.####.##
#.........#.#
##...##...##
###....##.#.#
#......#.#.##
####.##.#.##


You could see Robin, 2 hobgoblins and a goblin.

Vanquished Creatures
  An adder (D:2)
  2 oozes (D:2)
  2 worms (D:3)
  2 dart slugs (D:2)
  A giant cockroach (D:1)
  11 goblins
  8 hobgoblins
  A ball python (D:2)
  8 bats
  2 giant newts
  7 kobolds
  5 rats
50 creatures vanquished.

Vanquished Creatures (others)
  A goblin (D:3)
1 creature vanquished.

Grand Total: 51 creatures vanquished

Notes
Turn   | Place    | Note
-------+----------+-------------------------------------------
     0 | D:1      | Kold the Demonspawn Berserker began the quest for the Orb.
     0 | D:1      | Reached XP level 1. HP: 18/18 MP: 1/1
   166 | D:1      | Reached skill level 3 in Long Blades
   295 | D:1      | Gained mutation: You sometimes gain a little power by taking damage. [demonic ancestry]
   295 | D:1      | Reached XP level 2. HP: 14/24 MP: 2/2
   616 | D:2      | Found a snail-covered altar of Cheibriados.
   623 | D:2      | Reached ** piety under Trog
   733 | D:2      | Reached XP level 3. HP: 26/29 MP: 3/3
   786 | D:2      | Reached skill level 4 in Long Blades
  1711 | D:3      | Gained mutation: You are partially covered in rugged brown scales. (AC +1, +3% HP) [demonic ancestry]
  1711 | D:3      | Reached XP level 4. HP: 28/36 MP: 4/4
  1800 | D:3      | Noticed Robin
  1828 | D:3      | HP: 1/36 [Robin/trident (4)]
  1828 | D:3      | Slain by a goblin

Vault maps used:
D:1:      minmay_arrival_diagonal_passages
D:2:      kennysheep_slug_shrine, mrwooster_statue_mirror,
          kennysheep_generic_room_7
D:3:      hangedman_decor_riveting, uniq_robin

Skill      XL: |  1  2  3 |
---------------+----------+-----
Long Blades    | 3 4 |  4.5
Fighting       | |  3.0
Armour         | |  1.7
Dodging        | |  1.7

Action                   |  1- 3 |  4- 6 || total
-------------------------+-------+-------++-------
Melee: Falchion          |   173 |    23 ||   196
  Use: Potion            |       |     2 ||     2
  Eat: Chunk             |     3 |       ||     3
Armor: Animal skin       |    39 |    12 ||    51
Dodge: Dodged            |   103 |    17 ||   120
Block: Buckler           |     5 |     4 ||     9
